Map: Graystone Ravine

Players

platoschka

  • Race: Terran Terran
  • Spawn Location: 11:00

evgen

  • Race: Protoss Protoss
  • Spawn Location: 9:00

Gracz - Winner!

  • Race: Terran Terran
  • Spawn Location: 5:00

srac - Winner!

  • Race: Zerg Zerg
  • Spawn Location: 3:00

VOD

Have the link to the VOD?

Description

Time

  • Played on: March 7, 2016, 9:59 a.m.
  • Length: 13:55
Show
View Real Time Build Order
Export as new Build Order

platoschka Terran 

Build Orders:  

Get SALT Encoding   

  12  0:03  SCV  
  13  0:18  Supply Depot  
  13  0:21  SCV  
  14  0:33  SCV  
  15  0:41  Supply Depot  
  15  0:45  SCV  
  16  0:51  Barracks  
  16  0:58  SCV  
  17  1:09  Barracks  
  17  1:13  SCV  
  18  1:25  SCV  
  19  1:35  Barracks  
  19  1:37  SCV  
  20  1:42  Refinery  
  20  1:43  Refinery  
  20  1:45  Marine  
  21  2:02  Marine  
  22  2:10  Marine  
  23  2:25  Command Center  
  23  2:28  Marine  
  24  2:37  Barracks Reactor  
  24  2:45  SCV  
  24  2:48  Marine x2  
  27  2:57  SCV  
  28  3:05  Marine x2  
  28  3:09  SCV  
  28  3:11  Factory  
  31  3:16  Engineering Bay  
  31  3:27  Supply Depot  
  31  3:36  SCV  
  24  3:56  Marine x4  
  24  4:01  SCV  
  29  4:08  Supply Depot  
  29  4:13  SCV  
  29  4:14  Marine  
  29  4:16  Factory Tech Lab  
  31  4:25  SCV  
  31  4:27  Terran Infantry Weapons Level 1  
  32  4:35  Siege Tank  
  32  4:37  SCV  
  36  4:50  SCV  
  37  4:55  Refinery  
  32  5:27  SCV  
  33  5:34  Refinery, Siege Tank  
  36  5:39  SCV  
  37  5:51  Barracks, SCV  
  37  5:53  Barracks, Supply Depot  
  37  5:54  Barracks  
  37  5:55  Supply Depot  
  38  6:03  SCV  
  39  6:07  Siege Tank  
  42  6:15  SCV  
  42  6:18  Supply Depot  
  43  6:21  Terran Infantry Armor Level 1  
  43  6:32  Command Center  
  43  6:44  Barracks Reactor x2  
  43  6:46  Barracks Reactor  
  43  6:50  Barracks Tech Lab x2  
  42  7:15  Marauder x2  
  46  7:36  Marauder  
  46  7:37  Marauder  
  50  7:47  Marine x5  
  50  7:48  Marine  
  56  7:58  Marauder x2  
  53  8:05  Marine x6  
  59  8:19  Marine x2  
  61  8:23  Marine x2  
  63  8:30  Sensor Tower  
  63  8:39  Command Center  
  63  8:45  Marine x5  
  63  8:46  Marine x3  
  71  9:02  Supply Depot  
  71  9:03  Marine x6  
  71  9:04  Marine x2  
  42  10:13  Marine x2  
  42  10:14  Marine x6  
  45  10:31  Marine x2  
  45  10:32  Marine x6  
  48  10:49  Marine x4  
  50  10:50  Marine x4  
  56  11:07  Marine x4  
  56  11:08  Marauder x2  
  64  11:30  SCV, Marauder x2  
  69  11:35  SCV  
  69  11:39  Command Center  
  70  11:42  SCV  
  70  11:44  SCV  
  72  11:47  SCV  
  72  11:51  Marauder  
  72  11:52  Marine x3  
  79  11:54  SCV  
  79  11:56  SCV  
  79  11:59  SCV  
  81  12:06  Siege Tank, SCV  
  85  12:08  SCV  
  86  12:18  SCV  
  65  12:38  Siege Tank  
  65  12:40  SCV  
  55  12:52  SCV  
  55  12:57  Marine  
  55  12:58  Marine x6  
  59  12:59  Marine  
  59  13:05  SCV  
  65  13:15  Marine x2  
  65  13:16  Marine x5  
  65  13:17  SCV  
  65  13:29  SCV  
  66  13:41  SCV  
Show
View Real Time Build Order
Export as new Build Order

evgen Protoss 

Build Orders:  

Get SALT Encoding   

  12  0:03  Probe (Chrono Boost)  
  13  0:13  Probe (Chrono Boost)  
  14  0:20  Pylon  
  14  0:24  Probe (Chrono Boost)  
  15  0:38  Probe (Chrono Boost)  
  16  0:47  Gateway  
  16  0:48  Probe (Chrono Boost)  
  17  0:58  Forge  
  17  0:59  Probe (Chrono Boost)  
  18  1:05  Assimilator  
  18  1:08  Assimilator  
  18  1:10  Probe (Chrono Boost)  
  19  1:21  Probe (Chrono Boost)  
  20  1:26  Pylon  
  20  1:31  Probe (Chrono Boost)  
  21  1:44  Photon Cannon  
  21  1:49  Photon Cannon  
  21  2:03  Cybernetics Core  
  21  2:07  Probe (Chrono Boost)  
  22  2:45  Stargate  
  22  2:49  Photon Cannon  
  22  3:01  Nexus  
  22  3:05  Protoss Air Weapons Level 1  
  22  3:19  Protoss Shields Level 1  
  22  3:29  Void Ray  
  26  3:51  Pylon  
  26  3:54  Pylon  
  26  4:11  Photon Cannon  
  26  4:13  Photon Cannon  
  26  4:16  Photon Cannon  
  26  4:21  Photon Cannon  
  26  4:31  Probe (Chrono Boost)  
  27  4:41  Probe (Chrono Boost)  
  28  4:52  Probe (Chrono Boost)  
  29  5:03  Probe (Chrono Boost)  
  30  5:13  Probe (Chrono Boost)  
  27  5:25  Probe (Chrono Boost)  
  28  5:28  Void Ray  
  32  5:36  Probe (Chrono Boost)  
  32  5:37  Stargate  
  33  5:46  Probe (Chrono Boost)  
  34  5:53  Assimilator  
  34  5:55  Assimilator  
  34  5:57  Probe (Chrono Boost), Protoss Air Armor Level 1  
  35  6:04  Pylon  
  35  6:05  Nexus  
  35  6:07  Pylon, Probe (Chrono Boost)  
  36  6:15  Pylon  
  36  6:18  Probe (Chrono Boost)  
  37  6:19  Pylon  
  37  6:28  Probe (Chrono Boost)  
  38  6:34  Void Ray  
  42  6:40  Void Ray  
  46  6:51  Twilight Council  
  47  6:54  Probe (Chrono Boost)  
  47  6:56  Probe (Chrono Boost)  
  48  7:04  Probe (Chrono Boost)  
  48  7:07  Probe (Chrono Boost)  
  45  7:18  Probe (Chrono Boost)  
  46  7:25  Void Ray  
  46  7:26  Void Ray  
  54  7:38  Stargate  
  54  7:41  Stargate  
  50  8:01  Fleet Beacon  
  50  8:18  Void Ray  
  54  8:24  Void Ray  
  58  8:45  Protoss Shields Level 2  
  58  9:01  Void Ray  
  62  9:53  Void Ray x2  
  62  9:54  Void Ray  
  62  9:56  Nexus  
  62  9:57  Protoss Air Weapons Level 2  
  58  10:21  Void Ray  
  62  10:40  Pylon  
  62  10:42  Pylon  
  62  10:46  Pylon  
  62  10:50  Pylon  
  62  10:56  Pylon  
  62  11:02  Photon Cannon  
  62  11:04  Photon Cannon  
  62  11:07  Photon Cannon  
  62  11:10  Photon Cannon  
  62  11:14  Photon Cannon  
  62  11:19  Photon Cannon  
  62  11:22  Assimilator  
  63  11:25  Probe (Chrono Boost)  
  63  11:27  Assimilator  
  63  11:36  Probe (Chrono Boost)  
  63  11:38  Void Ray  
  63  11:39  Void Ray x2  
  76  11:40  Void Ray  
  76  11:46  Probe (Chrono Boost)  
  81  11:54  Cybernetics Core  
  81  11:57  Probe (Chrono Boost)  
  82  12:07  Probe (Chrono Boost)  
  83  12:40  Void Ray x2  
  83  12:42  Void Ray  
  83  12:43  Void Ray  
  99  12:47  Probe (Chrono Boost)  
  100  12:58  Probe (Chrono Boost)  
  101  13:08  Probe (Chrono Boost)  
Show
View Real Time Build Order
Export as new Build Order

Gracz Terran - Winner!

Build Orders: Command Center First (CC) 

Get SALT Encoding   

  12  0:01  SCV  
  14  0:21  SCV  
  14  0:22  Supply Depot  
  14  0:33  SCV  
  14  0:34  Refinery  
  15  0:45  SCV  
  16  1:21  Command Center  
  16  1:25  Barracks  
  16  1:35  Barracks  
  16  1:50  SCV  
  17  2:02  SCV  
  18  2:14  SCV  
  19  2:18  Barracks  
  19  2:27  Barracks  
  19  2:29  Orbital Command  
  19  2:46  Command Center  
  19  2:47  Barracks Reactor  
  19  2:48  Barracks Reactor  
  19  2:59  SCV  
  20  3:06  Refinery  
  20  3:07  Refinery  
  20  3:11  SCV  
  21  3:15  Barracks  
  21  3:16  Barracks Reactor  
  21  3:21  Barracks Reactor  
  21  3:52  Marine x2  
  23  3:57  Marine x3  
  23  4:02  Orbital Command  
  26  4:03  Supply Depot, Refinery  
  26  4:10  Barracks Reactor  
  26  4:13  Bunker  
  26  4:19  Engineering Bay  
  26  4:29  SCV  
  27  4:41  Supply Depot, SCV  
  27  4:44  Reaper x3  
  27  4:45  Reaper x2  
  33  4:48  Reaper  
  34  4:53  SCV  
  35  5:05  SCV  
  36  5:17  SCV  
  37  5:26  Marine x2  
  37  5:27  Marine x8  
  47  5:37  Factory  
  47  5:40  Factory  
  47  5:44  Marine x2  
  49  5:53  Neosteel Frame  
  49  5:59  Engineering Bay  
  49  6:16  Supply Depot  
  49  6:19  Reaper x3  
  49  6:20  Reaper x2  
  54  6:27  Factory Tech Lab  
  54  6:29  Supply Depot  
  54  6:37  Marine x5, SCV x2  
  61  6:49  SCV  
  61  6:51  Marine x3, SCV  
  66  7:00  Supply Depot  
  66  7:33  Factory Tech Lab  
  66  7:39  Armory  
  66  7:41  Armory  
  62  8:19  SCV  
  63  8:29  Starport  
  63  8:32  SCV  
  63  8:33  Starport  
  64  8:44  SCV  
  64  8:45  Starport  
  65  9:00  Supply Depot  
  65  9:14  Terran Infantry Armor Level 1  
  65  9:15  Terran Infantry Weapons Level 1  
  65  9:20  Fusion Core  
  65  9:28  Sensor Tower  
  65  9:30  Supply Depot  
  50  9:52  Starport Tech Lab  
  39  9:53  Starport Tech Lab  
  39  10:03  Starport  
  39  10:07  Marine x4  
  39  10:08  Marine x4  
  39  10:09  Marine x2  
  49  10:25  Marine x5  
  49  10:26  Marine x3  
  49  10:27  Marine x2  
  49  10:28  Barracks  
  59  10:29  Terran Vehicle And Ship Armor Level 1, Terran Vehicle Weapons Level 1  
  59  10:43  Marine x6  
  59  10:44  Marine x3  
  59  10:45  Marine  
  69  11:00  Marine  
  69  11:01  Marine x7, Starport  
  69  11:02  Marine  
  69  11:03  Marine  
  79  11:08  Hi-Sec Auto Tracking  
  79  11:09  Building Armor  
  79  11:19  Reaper x7  
  79  11:20  Barracks Tech Lab  
  86  11:30  Armory  
  86  11:31  Weapon Refit  
  86  11:57  Starport Tech Lab  
  86  12:01  Starport Tech Lab  
  86  12:08  Thor  
  92  12:16  Supply Depot  
  92  12:21  Supply Depot  
  92  12:31  Starport Tech Lab  
  104  13:01  Medivac  
  106  13:16  Starport  
Show
View Real Time Build Order
Export as new Build Order

srac Zerg - Winner!

Build Orders: Hatch First, Muta Ling Bane 

Get SALT Encoding   

  12  0:01  Drone  
  13  0:11  Drone  
  14  0:19  Extractor, Drone  
  14  0:20  Extractor  
  13  0:22  Drone  
  14  0:30  Overlord  
  16  0:53  Extractor  
  16  0:54  Drone  
  16  0:57  Hatchery  
  16  0:58  Drone  
  16  1:01  Drone  
  17  1:10  Drone  
  18  1:28  Spawning Pool  
  18  1:29  Drone x2  
  19  1:38  Drone  
  20  1:53  Overlord  
  20  2:14  Zergling x2  
  20  2:15  Zergling x4  
  23  2:17  Hatchery  
  23  2:22  Overlord  
  22  2:23  Queen  
  22  2:29  Metabolic Boost  
  24  2:41  Zergling x6  
  24  2:43  Drone  
  28  2:46  Drone  
  29  2:55  Queen  
  31  3:14  Drone x4  
  31  3:17  Drone  
  36  3:20  Overlord  
  35  3:34  Queen  
  35  3:40  Zergling x4  
  36  3:42  Zergling x2  
  36  3:52  Baneling Nest  
  35  4:04  Zergling x2  
  35  4:05  Zergling x10  
  41  4:18  Zergling x6  
  41  4:19  Zergling x4  
  41  4:22  Lair  
  46  4:26  Drone x2  
  46  4:28  Evolution Chamber  
  46  4:31  Drone x2  
  49  4:40  Extractor  
  49  4:41  Drone x2  
  50  4:46  Overlord  
  50  4:57  Spore Crawler x2  
  48  5:04  Queen  
  48  5:12  Drone x6  
  52  5:24  Drone x4  
  56  5:31  Overseer  
  56  5:37  Drone  
  56  5:41  Spire, Drone  
  57  5:51  Drone  
  57  5:53  Overlord  
  58  6:08  Queen, Extractor  
  58  6:09  Extractor, Overlord  
  59  6:11  Drone x4  
  59  6:13  Drone x3  
  59  6:17  Drone  
  66  6:22  Overlord  
  66  6:29  Centrifical Hooks  
  66  6:33  Zerg Melee Weapons Level 1  
  66  6:37  Evolution Chamber  
  64  6:48  Queen  
  64  6:49  Drone x4  
  64  6:50  Drone x5  
  64  6:53  Extractor  
  74  6:56  Extractor  
  73  7:22  Overlord x2  
  73  7:23  Overlord x4  
  73  7:31  Overseer  
  73  7:34  Overseer  
  73  7:38  Zergling x2  
  73  7:40  Overlord x2  
  73  7:41  Overlord  
  73  7:43  Drone x5  
  76  8:07  Zergling x12  
  76  8:08  Zergling x6  
  76  8:10  Zerg Ground Armor Level 1  
  85  8:13  Zerg Flyer Weapons Level 1  
  85  8:15  Hatchery  
  85  8:17  Overlord  
  85  8:18  Overlord  
  84  8:51  Mutalisk x8  
  84  8:52  Mutalisk x6  
  112  9:06  Drone  
  113  9:11  Hatchery  
  113  9:15  Extractor  
  111  9:17  Extractor  
  111  9:19  Overseer  
  111  9:26  Mutalisk  
  111  9:27  Mutalisk, Zergling x2  
  111  9:28  Zergling x8  
  111  9:29  Zergling x6  
  122  9:35  Baneling x6  
  122  9:36  Baneling x4  
  122  9:57  Mutalisk  
  122  9:58  Mutalisk x6  
  122  9:59  Overlord x4  
  124  10:01  Zergling x4  
  120  10:28  Extractor, Queen  
  117  10:54  Overseer  
  117  11:13  Zerg Flyer Weapons Level 2  
  117  11:14  Zerg Melee Weapons Level 2  
  117  11:15  Zerg Ground Armor Level 2  
  117  11:31  Extractor  
  117  11:32  Hatchery  
  115  11:41  Corruptor x5  
  115  11:42  Corruptor x6  
  115  11:44  Zergling x4  
  115  11:45  Zergling x12  
  115  11:46  Zergling x2  
  146  11:47  Overlord x3  
  145  12:22  Mutalisk x3  
  145  12:23  Zergling x6  
  145  12:24  Zergling x10  
  145  12:25  Zergling x4  
  146  12:44  Zergling x12  
  146  12:45  Zergling x10  
  146  12:47  Drone  
  156  12:56  Drone  
  156  12:57  Drone x3  
  160  13:07  Infestation Pit  
  154  13:16  Mutalisk x2  
  154  13:18  Mutalisk  
  137  13:31  Extractor  
  136  13:34  Zergling x4  
  136  13:35  Zergling x6  
  136  13:36  Baneling x2  
  136  13:37  Baneling x6  
  136  13:38  Baneling  
  136  13:39  Baneling x2  
Tags
 
Add a new tag
Caveats
  • Supply blocks, unpowered buildings, or Contaminate may cause inaccurate times.
  • Supply counts are checked every 10 seconds.